 Dungeon Crawl Stone Soup version 0.28-a0-1545-g945cd3f27e (webtiles) character file.

Game seed: 828905825646500831

0 BritishOli the Sneak (level 1, -2/18 HPs)
             Began as a Demonspawn Delver on Jan 18, 2022.
             Frozen to death by an endoplasm (3 damage)
             ... on level 4 of the Dungeon.
             The game lasted 00:01:02 (118 turns).

BritishOli the Sneak (Demonspawn Delver)             Turns: 118, Time: 00:01:03

Health: -2/18      AC:  3    Str: 12    XL:     1   Next: 8%
Magic:  1/1        EV: 11    Int: 11    God:
Gold:   0          SH:  0    Dex: 14    Spells: 0/0 levels left

rFire   . . .      SeeInvis .   a - +0 falchion
rCold   . . .      Faith    .   (no shield)
rNeg    . . .      Spirit   .   b - +0 leather armour
rPois   .          Reflect  .   (no helmet)
rElec   .          Harm     .   (no cloak)
rCorr   .          Rampage  .   (no gloves)
Will    .....                   (no boots)
Stlth   ++........              h - amulet of regeneration
HPRegen 0.86/turn               (no ring)
MPRegen 0.07/turn               (no ring)

@: no status effects
A: no striking features
a: no special abilities


You were on level 4 of the Dungeon.
You visited 1 branch of the dungeon, and saw 3 of its levels.

Inventory:

Hand Weapons
 a - a +0 falchion (weapon)
Armour
 b - a +0 leather armour (worn)
Jewellery
 h - an amulet of regeneration (around neck)
Wands
 g - a wand of digging (3)
Scrolls
 c - a scroll of fog
 d - a scroll of magic mapping
 e - a scroll of fear
Potions
 f - a potion of haste


   Skills:
 + Level 3.0 Fighting
 + Level 1.8 Long Blades
 + Level 1.7 Dodging
 + Level 4.5 Stealth


You couldn't memorise any spells.
You didn't know any spells.
Your spell library was empty.

Dungeon Overview and Level Annotations

Branches:
Dungeon (5/15)
 Temple: D:4-7

Altars:

Shops:
D:4 [


Message History

The adder poisons you!
You climb upwards.
You feel sick.
Found eleven items.
There is a stone staircase leading down here.
You barely miss the adder.
You feel sick.
The goblin shouts!
The adder bites you.
A water moccasin zombie comes into view.
You closely miss the adder.
You feel sick. The adder barely misses you. The adder misses you.
You barely miss the adder.
You feel sick. The adder bites you but does no damage.
You feel sick.
You are no longer poisoned.
The adder barely misses you. The adder bites you but does no damage.
You climb downwards.
The endoplasm hits you but does no damage.
The endoplasm hits you.
There is a stone staircase leading up here.
You closely miss the adder. The adder barely misses you.
The endoplasm freezes you.
You are frozen.
Unknown command.
You barely miss the adder. The adder bites you. The endoplasm freezes you.
You are frozen.
The gnoll barely misses you. The adder bites you.
Unknown command.
You are too injured to fight recklessly!
Unknown command.
You are too injured to fight recklessly!
Unknown command.
You are too injured to fight recklessly!
Unknown command.
You closely miss the adder. The endoplasm closely misses you.
The adder barely misses you.
The gnoll hits you from afar with a +0 spear!
* * * LOW HITPOINT WARNING * * *
The endoplasm freezes you.
You are frozen.
You die...

#......... P.≈
#......... ≈≈
#......... #######
#.........
.$...#.#..........
###.#.#.#..........
#.....#.###.####.##
##SJ......# #.#
#.@.....♣ #.#
####g#).♣###♣###.#
#....#...'∩'.....#
#..[.g..♣###♣#####
$<......# #.####..♣
♣♣ ........# #.
#.o# .# ........##
### ##o###.####
.........##
#...##g........
..........###
+......o.....$.


You could see a gnoll, an adder and an endoplasm.

Vanquished Creatures
  A ball python (D:4)
1 creature vanquished.

Vanquished Creatures (others)
  9 fungi (D:4)
9 creatures vanquished.

Grand Total: 10 creatures vanquished

Notes
Turn   | Place    | Note
-------+----------+-------------------------------------------
     0 | D:5      | BritishOli the Demonspawn Delver began the quest for the
                  | Orb.
     0 | D:5      | Reached XP level 1. HP: 18/18 MP: 1/1
     4 | D:5      | Noticed a sky beast
    70 | D:4      | Found Yquaf's Armour Boutique.
    75 | D:4      | Noticed an orc priest
   111 | D:3      | Noticed a water moccasin zombie
   118 | D:4      | Frozen to death by an endoplasm

Illustrated notes

Levels and vault maps discovered:
D:3:      minmay_wonky_spiral, layout_loops_cross, due_unseen_surprise
D:4:      layout_basic, marbit_many_paths, minmay_temple_entry_grid,
          serial_aquarium, aquarium_bridge_long_joined
          [aquarium_subvault_bridge, aquarium_subvault_wall,
          aquarium_subvault_bridge, aquarium_subvault_balcony,
          aquarium_subvault_bridge, aquarium_subvault_bridge],
          aquarium_bridge_square [aquarium_subvault_window,
          aquarium_subvault_bridge, aquarium_subvault_window,
          aquarium_subvault_wall], aquarium_window_1, aquarium_window_corner,
          aquarium_window_2, aquarium_view_2f, serial_shops,
          kennysheep_mini_moat, chequers_serial_rivers_micro_d,
          guppyfry_shop_venom
D:5:      layout_basic, serial_shops, nicolae_shop_trees

Action                   || total
-------------------------++-------
Melee: Falchion          ||     8
Armor: Leather armour    ||     7
Dodge: Dodged            ||    10

Table legend: (Time is in decaauts)
 A = Elapsed time spent in this place.
 B = Non-inter-level travel time spent in this place.
 C = Inter-level travel time spent in this place.
 D = Time resting spent in this place.
 E = Time spent auto-exploring this place.
 F = Levels seen in this place.
 G = Mean time per level.
                   A        B        C        D        E       F      G
               +--------+--------+--------+--------+--------+-----+--------+
         Total |    119 |    117 |      2 |      0 |     33 |   3 |   39.7 |
       Dungeon |    119 |    117 |      2 |      0 |     33 |   3 |   39.7 |
               +--------+--------+--------+--------+--------+-----+--------+

Top non-repeatable levels by time:
     D:4: 78 daAuts
     D:5: 36 daAuts
     D:3: 5 daAuts
